AoeStats
← VampishSaucer

Nomad

509875156Analyzed
2v2 RM · 4d ago on Sep 28, 2026· 20m 21s· 4 players
Game mode
Random Map
Map size
176×176
Population
200
Speed
Normal
Resources
Standard
Victory
Conquest
Starting age
Dark Age
Ending age
Imperial Age
RankedLock teamsTeams togetherTeam positionsShared explorationLock speedFull tech treeHidden civsTurbo modeCheats
Victory
Defeat
🇻🇪 Japanese · Venezuela
1168
+10
🇪🇸 Varangians · Spain
1069
+14
🇺🇸 Japanese · United States
1027
-12
🇺🇸 Koreans · United States
1025
-12
OBrien11
3:03 Loom
16:07 Feudal Age
17:05 Double-Bit Axe
18:12 Wheelbarrow
19:52 Fishing Lines
22:16 Castle Age
darienvasquez95
3:44 Loom
14:05 Feudal Age
14:54 Stone Mining
15:03 Double-Bit Axe
18:22 Fletching
VampishSaucer
5:09 Loom
13:04 Feudal Age
13:58 Double-Bit Axe
16:30 Fishing Lines
16:35 Man-at-Arms
17:01 Arson
18:30 Wheelbarrow
BananaWednesday
13:25 Feudal Age
13:57 Horse Collar
15:22 Double-Bit Axe
18:59 Fletching
Connection lost

Rejoining the realm…

Still unreachable

The connection could not be restored.

Session expired

The server has moved on; the page needs a fresh start.